 Dungeon Crawl Stone Soup version 0.29-a0-557-g43b9904bd1 (webtiles) character file.

Game seed: 14097365596594608191

341708 tilp the Dealer of Despair (level 21, -13/171 HPs)
             Began as a Mummy Necromancer on June 7, 2022.
             Was an Elder of Kikubaaqudgha.
             Mangled by a lindwurm (16 damage)
             ... on level 4 of the Vaults on June 8, 2022.
             The game lasted 03:11:51 (60044 turns).

tilp the Dealer of Despair (Mummy Necromancer)     Turns: 60044, Time: 03:11:52

Health: -13/171    AC: 14    Str: 11    XL:     21   Next: 9%
Magic:  24/39      EV: 19    Int: 27    God:    Kikubaaqudgha [****..]
Gold:   2967       SH:  5    Dex: 14    Spells: 2/49 levels left

rFire   . . .      SeeInvis .   a - staff of death
rCold   + . .      Faith    .   X - +0 buckler
rNeg    + + +      Spirit   .   z - +3 leather armour {Will+}
rPois   ∞          Reflect  .   o - +1 helmet {Int+3}
rElec   .          Harm     .   e - +0 cloak {Will+}
rCorr   .          Rampage  .   V - +0 pair of gloves
Will    ++++.                   A - +1 pair of boots
Stlth   +++.......              K - amulet of magic regeneration
HPRegen 0.38/turn               k - +4 ring of evasion
MPRegen 0.66/turn               N - ring of protection from fire

@: very slightly contaminated
A: cold resistance 1, negative energy resistance 3, torment resistance 2, heat
vulnerability 1, in touch with death 2, no potions
}: 2/15 runes: serpentine, barnacled
a: Renounce Religion, Unearth Wretches


You were on level 4 of the Vaults.
You worshipped Kikubaaqudgha.
Kikubaaqudgha was greatly pleased with you.
You visited 7 branches of the dungeon, and saw 36 of its levels.
You also visited: Ossuary and Ice Cave.

You collected 4557 gold pieces.
You spent 1590 gold pieces at shops.

Inventory:

Hand Weapons
 b - the +3 rapier of Sykker {vorpal, rN+ Int+3}
   (You found it on level 5 of the Dungeon)

   It inflicts extra damage upon your enemies.
   Int:       It affects your intelligence (+3).
   rN:        It protects you from negative energy.
 J - a +2 vorpal morningstar
 W - the +3 dagger "Fioghiesho" {vorpal, rC+ Str+4 Int+4}
   (You bought it in a shop on level 1 of the Shoals)

   It inflicts extra damage upon your enemies.
   Str:       It affects your strength (+4).
   Int:       It affects your intelligence (+4).
   rC:        It protects you from cold.
Missiles
 i - 15 atropa-tipped darts
 p - 20 poisoned darts (quivered)
 q - 26 boomerangs
 s - 5 silver boomerangs
 x - a curare-tipped dart
 C - 5 throwing nets
Armour
 e - a +0 cloak of willpower (worn)
 o - a +1 helmet of intelligence (worn)
 z - a +3 leather armour of willpower (worn)
 A - a +1 pair of boots (worn)
 V - a +0 pair of gloves (worn)
 X - a +0 buckler (worn)
Magical Staves
 a - a staff of death (weapon)
Jewellery
 j - an amulet of reflection
 k - a +4 ring of evasion (left hand)
 u - a ring of protection from cold
 v - a +4 ring of protection
 K - an amulet of magic regeneration (around neck)
 N - a ring of protection from fire (right hand)
 U - a ring of resist corrosion
 Y - a +6 ring of intelligence
Wands
 c - a wand of paralysis (11)
 l - a wand of flame (78)
 t - a wand of acid (6)
 H - a wand of charming (1)
 I - a wand of iceblast (30)
 R - a wand of digging (6)
 S - a wand of polymorph (4)
Scrolls
 f - 12 scrolls of teleportation
 g - 5 scrolls of amnesia
 h - 5 scrolls of blinking
 m - 8 scrolls of vulnerability
 n - a scroll of torment
 r - 9 scrolls of immolation
 w - 3 scrolls of summoning
 D - 3 scrolls of fog
 E - 4 scrolls of magic mapping
 G - 4 scrolls of enchant weapon
 O - 2 scrolls of fear
 P - 4 scrolls of brand weapon
 Q - 4 scrolls of poison
 T - a scroll of silence
 Z - a scroll of acquirement
Miscellaneous
 d - a condenser vane
 y - a lightning rod (4/4)
 F - a tin of tremorstones (2/2)
 L - a phial of floods
 M - a phantom mirror


   Skills:
 + Level 16.2 Fighting
 - Level 6.0 Staves
 - Level 4.0 Throwing
 - Level 8.0 Armour
 + Level 9.6 Dodging
 + Level 7.2 Stealth
 - Level 6.0 Shields
 + Level 14.8 Spellcasting
 - Level 10.0 Hexes
 + Level 20.8 Necromancy
 - Level 4.0 Translocations
 - Level 4.0 Ice Magic
 - Level 2.0 Air Magic
 - Level 8.0 Earth Magic
 - Level 2.0 Poison Magic
 + Level 9.6 Evocations


You had 2 spell levels left.
You knew the following spells:

 Your Spells              Type           Power      Damage    Failure   Level
a - Simulacrum            Ice/Necr       69%        N/A       4%          6
b - Vampiric Draining     Necr           100%       2d13      0%          3
c - Animate Dead          Necr           100%       N/A       0%          4
d - Agony                 Necr           100%       N/A       1%          5
e - Anguish               Hex/Necr       74%        N/A       1%          4
f - Blink                 Tloc           82%        N/A       1%          2
g - Corpse Rot            Necr/Pois/Air  100%       N/A       1%          4
h - Death Channel         Necr           82%        N/A       1%          6
i - Borgnjor's Vile Clut  Necr/Erth      73%        N/A       1%          5
j - Infestation           Necr           82%        N/A       5%          8

Your spell library contained the following spells:

 Spells                   Type           Power      Damage    Failure   Level
 Necrotize                Necr           100%       1d9       0%          1
 Apportation              Tloc           82%        N/A       1%          1
 Freeze                   Ice            100%       1d11      1%          1
 Sandblast                Erth           100%       2d20      1%          1
 Ensorcelled Hibernation  Hex/Ice        100%       N/A       1%          2
 Passwall                 Tmut/Erth      34%        N/A       1%          2
 Shock                    Conj/Air       100%       1d9       2%          1
 Foxfire                  Conj/Fire      80%        2x1d8     4%          1
 Magic Dart               Conj           80%        1d7       4%          1
 Static Discharge         Conj/Air       25%        N/A       4%          2
 Call Imp                 Summ           20%        N/A       6%          2
 Searing Ray              Conj           40%        2d5       6%          2
 Dazzling Flash           Conj/Hex       94%        N/A       1%          3
 Inner Flame              Hex/Fire       47%        N/A       1%          3
 Cause Fear               Hex            32%        N/A       1%          4
 Leda's Liquefaction      Hex/Erth       31%        N/A       1%          4
 Frozen Ramparts          Ice            82%        1d10      2%          3
 Lesser Beckoning         Tloc           41%        N/A       2%          3
 Ozocubu's Armour         Ice            41%        N/A       2%          3
 Stone Arrow              Conj/Erth      82%        3d12      2%          3
 Lee's Rapid Deconstruct  Erth           29%        3d16*     4%          5
 Swiftness                Air            30%        N/A       5%          3
 Fulminant Prism          Conj/Hex       23%        3d13      5%          4
 Metabolic Englaciation   Hex/Ice        27%        N/A       7%          5
 Mephitic Cloud           Conj/Pois/Air  27%        N/A       8%          3
 Petrify                  Tmut/Erth      41%        N/A       9%          4
 Ignite Poison            Fire/Tmut/Pois 23%        N/A       10%         3
 Conjure Flame            Conj/Fire      20%        6-21      13%         3
 Airstrike                Air            15%        N/A       19%         4
 Hailstorm                Conj/Ice       30%        3d8       19%         4
 Olgreb's Toxic Radiance  Pois           30%        N/A       19%         4
 Manifold Assault         Tloc           41%        N/A       22%         5
 Flame Wave               Conj/Fire      20%        2d7       38%         4
 Haunt                    Necr/Summ      65%        N/A       45%         7
 Fireball                 Conj/Fire      10%        3d6       75%         5
 Irradiate                Conj/Tmut      10%        3d16      75%         5
 Iskenderun's Battlesphe  Conj           20%        2d7       75%         5
 Iron Shot                Conj/Erth      20%        9d5       77%         6
 Discord                  Hex            32%        N/A       99%         8
 Starburst                Conj/Fire      10%        6d5       100%        6
 Malign Gateway           Summ/Tloc      15%        N/A       100%        7
 Ozocubu's Refrigeration  Ice            20%        4d9       100%        7
 Spellforged Servitor     Conj/Summ      10%        N/A       100%        7
 Ignition                 Fire           10%        3d5       100%        8
 Maxwell's Capacitive Co  Air            15%        ∞         100%        8
 Summon Horrible Things   Summ           10%        N/A       100%        8
 Sublimation of Blood     Necr           Unusable   N/A       N/A         2
 Borgnjor's Revivificati  Necr           Unusable   N/A       N/A         8
 Death's Door             Necr           Unusable   N/A       N/A         9
 Statue Form              Tmut/Erth      Unusable   N/A       N/A         6
 Necromutation            Tmut/Necr      Unusable   N/A       N/A         8
 Storm Form               Tmut/Air       Unusable   N/A       N/A         7

Dungeon Overview and Level Annotations

Branches:
Dungeon (15/15)            Temple (1/1) D:4            Lair (6/6) D:9
 Shoals (4/4) Lair:4        Snake (4/4) Lair:2        Slime (0/5) Lair:6
    Orc (2/2) D:9             Elf (0/3) Orc:2        Vaults (4/5) D:13
  Crypt (0/3) Vaults:3     Depths (0/4) D:15        Ossuary (visited)
  IceCv (visited)

Altars:
Ashenzari
Cheibriados
Dithmenos
Elyvilon
Fedhas
Gozag
Hepliaklqana
Kikubaaqudgha
Makhleb
Nemelex Xobeh
Okawaru
Qazlal
Ru
Sif Muna
Trog
Uskayaw
Vehumet
Wu Jian
Xom
Yredelemnul
Zin
The Shining One
Beogh
Jiyva

Shops:
D:3 (   D:4 (   D:6 !   D:8 !   Orc:2 [**=(   Shoals:1 ([*:   Shoals:3 :
Snake:2 (?*!

Portals:
Abyss: Lair:1

Annotations:
Lair:1 2 transporters, MirrMurr's ghost, journeyman OgBe
Shoals:2 1 runed translucent door, Megustar's ghost, adept DEFE
Snake:4 Roxanne
Vaults:1 36 runed doors


Innate Abilities, Weirdness & Mutations

You are immune to poison.
Your flesh is cold resistant. (rC+)
You are immune to negative energy. (rN+++)
You are immune to unholy pain and torment.
You are vulnerable to heat. (rF-)
You are strongly in touch with the powers of death.
You do not drink.


Message History

The ironbound convoker completely misses you.
The vault warden hits you with a +2 great sword of holy wrath!
You convulse!
The vault warden is wracked by anguish!!
The lindwurm breathes flames at you. The blast of flame misses you.
Unknown command.
Unknown command.
Casting: Infestation (dangerous; 5% risk of failure)
Confirm with . or Enter, or press ? or * to list all spells.
Casting: Anguish (safe; 1% risk of failure)
Press: ? - help, Dir - look around, f - activate You feel a huge surge of power!
The lindwurm is haunted by guilt!
The ironbound convoker is haunted by guilt!
The vault guard is haunted by guilt!
The ironbound convoker barely misses you.
Unknown command.
Unknown command.
Unknown command.
Unknown command.
Unknown command.
Unknown command.
Casting: Anguish (safe; 1% risk of failure)
Confirm with . or Enter, or press ? or * to list all spells.
Aiming: Borgnjor's Vile Clutch (mildly dangerous; 1% risk of failure)
Press: ? - help, Shift-Dir - straight line, f - vault warden
Aim: a vault warden, wielding a +2 great sword of holy wrath and wearing a +0 chain mail (lightly wounded, strong, anguished, 100% to hit)
You feel a huge surge of power!
Zombie hands grab the vault warden.
The zombie hands constrict the vault warden!
The ironbound convoker casts a spell at the vault guard.
The vault guard seems to grow stronger.
The vault warden hits you with a +2 great sword of holy wrath!!!
* * * LOW HITPOINT WARNING * * *
You convulse!!
* * * LOW HITPOINT WARNING * * *
The vault warden is wracked by anguish!!!
The lindwurm bites you!
You die...
Kikubaaqudgha rasps: "You have failed me!
Welcome... oblivion!"

..........#......#..............#
..........####'###........).....#
................................#
................................#
................................#
####'#################.....#'####
#...........# #.....#.....
#...........#######.....'^....
#..........Z+@p..##.....#.....
#...........#pk.###.....#Z....
#...........##p..##.....#.....
#...........# .#.##.....#.....
#######'##### .#.##.....######
#.Z...# .. ##.....# #.....# #.
#.....# #.###.# .# #######
#..#..#


You could see a vault warden (strong, clutched, anguished), a vault guard
(strong, anguished), a lindwurm (strong, catching breath, anguished) and an
ironbound convoker (anguished).

Vanquished Creatures
  A titan (Vaults:3)
  A quicksilver dragon (shapeshifter) (Vaults:3)
  Gastronok (D:10)
  Ilsuiw (Shoals:2)
  5 nagarajas
  A fire giant (Vaults:3)
  4 vault wardens
  3 ironbound preservers
  2 stone giants (Vaults:3)
  A war gargoyle (Vaults:2)
  3 very ugly things
  An ironbound thunderhulk (Vaults:4)
  3 dire elephants (Vaults:1)
  3 yaktaur captains
  3 crystal guardians
  A merfolk impaler (Shoals:4)
  A hydra (Lair:6)
  A peacekeeper (Vaults:2)
  Fannar (D:12)
  2 merfolk avatars
  2 boulder beetles
  2 vault guards (Vaults:3)
  An ice dragon (IceCv)
  A merfolk aquamancer (Shoals:1)
  4 anacondas
  2 ironbound frosthearts (IceCv)
  3 ogre magi
  7 two-headed ogres
  A naga warrior (Snake:1)
  2 alligator snapping turtles (Shoals:4)
  3 shock serpents
  A salamander mystic (Snake:1)
  3 sea snakes
  7 deep trolls
  3 wizards
  2 ironbound convokers
  3 harpies
  2 orange crystal statues
  2 lindwurms (Vaults:4)
  A naga ritualist (Snake:4)
  2 orc knights
  2 cyclopes
  2 mana vipers (Snake:3)
  10 slime creatures
  3 manticores
  3 ugly things
  Joseph (D:7)
  3 salamanders (Snake:2)
  3 elephants (Lair:4)
  2 water nymphs
  3 naga magi
  14 black mambas
  2 merfolk sirens
  7 vault sentinels
  A guardian serpent (Snake:2)
  Maggie (D:9)
  An unseen horror (D:10)
  4 cane toads
  4 rime drakes
  A yaktaur (Vaults:4)
  7 merfolk
  3 trolls
  A wind drake (Shoals:1)
  3 polar bears
  Grinder (D:3)
  The ghost of Stick the Shield-Bearer, an amateur GnWn of Zin (D:7)
  5 blink frogs
  3 hornets
  Prince Ribbit (D:9)
  4 snapping turtles
  A dream sheep (Shoals:2)
  Sigmund (D:5)
  21 yaks
  4 wyverns
  A basilisk (Lair:5)
  A steam dragon (D:6)
  A vampire mosquito (D:10)
  7 nagas
  2 acid dragons
  8 water moccasins
  Duvessa (D:7)
  An ice beast (D:5)
  7 orc warriors
  A sky beast (D:3)
  11 ogres
  4 wolves
  3 centaurs
  2 elf zombies (Ossuary)
  A phantom (D:4)
  A kobold brigand (D:7)
  3 bullfrogs
  A necrophage (D:8)
  A scorpion (D:5)
  A gnoll sergeant (D:8)
  10 wights
  Dowan (D:7)
  5 killer bees
  3 howler monkeys
  2 hounds
  6 orc priests
  3 centaur zombies (Ossuary)
  2 jellies (D:4)
  A gnoll shaman (D:8)
  A human zombie (Ossuary)
  An iguana (D:6)
  Natasha (thrice) (D:3)
  12 orc wizards
  2 hound zombies (Ossuary)
  3 mummies (Ossuary)
  Robin (D:3)
  14 gnolls
  7 adders
  A river rat (Lair:3)
  2 white imps
  2 ufetubi
  An adder zombie (Ossuary)
  A worm (D:2)
  A dart slug (D:5)
  41 orcs
  5 ball pythons
  11 endoplasms
  A giant cockroach (D:1)
  3 gnoll zombies (Ossuary)
  13 hobgoblins
  5 jackals
  2 quokkas
  8 bats
  4 frilled lizards
  17 goblins
  2 goblin zombies (Ossuary)
  5 hobgoblin zombies (Ossuary)
  2 jackal zombies (Ossuary)
  15 kobolds
  4 kobold zombies (Ossuary)
  2 orc zombies (Ossuary)
  4 quokka zombies (Ossuary)
  5 rats
  3 rat zombies (Ossuary)
  A tentacle (Shoals:4)
512 creatures vanquished.

Vanquished Creatures (collateral kills)
  A titan (Vaults:3)
  A kraken (Shoals:4)
  Kirke (Lair:5)
  2 sphinxes
  A tengu reaver (Vaults:3)
  3 nagarajas (Snake:4)
  3 vault wardens
  An orc warlord (Vaults:3)
  Aizul (Vaults:4)
  8 ironbound preservers
  A war gargoyle (Vaults:3)
  A stone giant (Vaults:3)
  2 very ugly things
  An ironbound thunderhulk (Vaults:2)
  An entropy weaver (Vaults:3)
  2 deep elf demonologists (Vaults:3)
  9 dire elephants
  A jiangshi (Vaults:3)
  3 merfolk javelineers
  2 crystal guardians (Vaults:3)
  3 merfolk impalers (Shoals:4)
  An ettin (Vaults:4)
  2 vault guards (Vaults:3)
  2 salamander tyrants
  3 great orbs of eyes
  4 hydras
  3 yaktaur captains
  4 centaur warriors
  3 peacekeepers (Vaults:3)
  5 ogre magi
  4 merfolk avatars
  2 ironbound frosthearts
  A catoblepas (Lair:3)
  A boulder beetle (D:12)
  3 anacondas
  3 merfolk aquamancers
  5 naga warriors
  11 two-headed ogres
  An alligator snapping turtle (Shoals:2)
  6 naga sharpshooters
  A tengu warrior (D:15)
  A death yak (Lair:1)
  2 sun demons (Shoals:4)
  3 hell knights (Vaults:1)
  2 shock serpents (Snake:4)
  3 salamander mystics
  A skeletal warrior (D:14)
  21 deep trolls
  A swamp dragon (Lair:6)
  11 sea snakes
  3 naga ritualists
  A deep elf archer (D:14)
  2 wizards
  8 ironbound convokers
  An ugly thing zombie (IceCv)
  2 necromancers (D:15)
  A phantasmal warrior (Vaults:3)
  8 mana vipers
  10 harpies
  An orc sorcerer (Snake:3)
  3 lindwurms
  4 fauns
  26 ugly things
  2 orc knights
  3 cyclopes
  5 manticores
  5 elephants (Lair:4)
  3 merfolk sirens
  9 salamanders
  23 black mambas
  7 vault sentinels
  A guardian serpent (Vaults:3)
  17 naga magi
  6 water nymphs
  9 rime drakes
  A komodo dragon (shapeshifter) (D:14)
  3 cane toads
  2 komodo dragons
  9 yaktaurs
  3 trolls
  20 merfolk
  4 polar bears (IceCv)
  5 wind drakes
  15 slime creatures
  6 dream sheep
  5 snapping turtles
  18 blink frogs
  A centaur simulacrum (D:15)
  A black mamba zombie (Snake:2)
  31 yaks
  A hog (Lair:5)
  14 water elementals
  3 basilisks
  A vampire mosquito (D:10)
  Menkaure (D:7)
  An acid dragon (shapeshifter) (D:15)
  A warg (Orc:2)
  28 nagas
  2 acid dragons
  4 water moccasins
  5 orc warriors
  An ice beast (Vaults:2)
  2 swamp drakes (Lair:6)
  15 ogres
  A black bear (Lair:4)
  An orc zombie (Vaults:3)
  10 wolves
  6 centaurs
  9 bullfrogs
  2 gnoll sergeants (D:9)
  4 wights
  6 killer bees
  3 orc priests
  5 iguanas (Lair:6)
  12 orc wizards
  5 hell rats
  11 gnolls
  An adder (D:5)
  5 river rats (Lair:3)
  2 white imps
  An ufetubus (Vaults:2)
  27 orcs
  2 hobgoblins (D:3)
  A frilled lizard (D:3)
  A kobold (D:7)
  2 rats (Lair:3)
  A bush (Lair:6)
  A fungus (Lair:5)
  2 tentacles (Shoals:4)
642 creatures vanquished.

Vanquished Creatures (others)
  Saint Roka (Snake:3)
  Rupert (Lair:4)
  A sphinx (D:12)
  5 tengu reavers
  A storm dragon (Vaults:3)
  A fire giant (Vaults:1)
  5 frost giants
  An orc warlord (Vaults:3)
  8 vault wardens
  9 ironbound preservers
  4 very ugly things
  A war gargoyle (Vaults:3)
  4 stone giants
  4 ironbound thunderhulks
  A deep elf annihilator (Vaults:2)
  4 dire elephants
  A white draconian (IceCv)
  A very ugly thing zombie (Vaults:1)
  3 ettins
  Snorg (Orc:2)
  A deep elf death mage (Vaults:1)
  3 merfolk javelineers
  2 fire dragons
  8 yaktaur captains
  A deep elf high priest (Vaults:3)
  4 merfolk impalers
  A rakshasa (D:14)
  4 great orbs of eyes
  2 boulder beetles
  10 hydras
  5 ice dragons (IceCv)
  6 vault guards
  2 ogre magi
  12 centaur warriors
  An alligator snapping turtle (Shoals:2)
  3 salamander tyrants
  11 anacondas
  A death knight (D:12)
  8 ironbound frosthearts
  16 two-headed ogres
  14 naga warriors
  2 deep troll earth magi
  A vampire mage (Vaults:3)
  2 naga sharpshooters
  10 shock serpents
  Urug (Lair:2)
  A tengu warrior (D:15)
  3 hell knights
  11 anaconda zombies
  4 salamander mystics
  3 skeletal warriors (D:14)
  6 sea snakes
  A glowing orange brain (D:14)
  16 deep trolls
  A wizard (Vaults:3)
  8 ironbound convokers
  11 naga ritualists
  8 harpies
  A wolf spider zombie (D:15)
  2 necromancers
  13 ugly thing zombies
  A sphinx zombie (Vaults:2)
  4 lindwurms
  5 mana vipers
  3 orc knights
  A mana viper (shapeshifter) (Vaults:2)
  16 ugly things
  A wolf spider (D:15)
  6 cyclopes
  A frost giant zombie (IceCv)
  A shining eye (shapeshifter) (Vaults:2)
  13 manticores
  11 salamanders
  2 stone giant zombies
  3 dire elephant zombies (Vaults:3)
  A water nymph (Shoals:3)
  7 shock serpent zombies
  5 merfolk sirens
  2 elephants
  6 guardian serpents
  A guardian serpent (shapeshifter) (D:12)
  21 black mambas
  15 vault sentinels
  12 naga magi
  15 yaktaur zombies
  7 cane toads
  A gargoyle (D:12)
  3 sea snake zombies (Shoals:4)
  An efreet (D:13)
  14 rime drakes
  3 freezing wraiths
  A redback zombie (Vaults:1)
  17 yaktaurs
  6 komodo dragons
  6 trolls
  13 harpy zombies
  6 mana viper zombies
  13 merfolk
  7 wind drakes
  3 meliai (D:13)
  2 polar bears
  10 blink frogs
  9 snapping turtles
  3 slime creatures
  4 guardian serpent zombies (Snake:3)
  An ettin zombie (Vaults:3)
  A boulder beetle zombie (D:14)
  A fire dragon zombie (D:13)
  3 great orb of eyes zombies
  4 ice dragon zombies (IceCv)
  A dream sheep (Lair:6)
  17 black mamba zombies
  A snapping turtle (shapeshifter) (Vaults:3)
  14 yaks
  2 elf zombies (Vaults:3)
  3 wyverns
  A hog (Lair:5)
  2 slime creature zombies
  4 wind drake zombies
  A basilisk (Lair:3)
  A redback (shapeshifter) (Vaults:1)
  A water nymph zombie (Shoals:4)
  5 wargs (Orc:2)
  3 tengu zombies
  6 deep troll zombies
  28 nagas
  2 acid dragons
  11 merfolk zombies
  4 water moccasins
  2 cane toad zombies
  5 ice beasts (IceCv)
  4 manticore zombies
  13 orc warriors
  A black bear (Lair:1)
  5 snapping turtle zombies
  5 wolves
  3 centaurs (D:15)
  2 boggarts
  5 ogres (Orc:2)
  3 blink frog zombies
  14 rime drake zombies
  3 salamander zombies
  2 komodo dragon zombies
  A kobold brigand (D:4)
  2 gnoll sergeants
  3 bullfrogs
  A cyclops zombie (D:13)
  5 wyvern zombies
  3 water moccasin zombies
  3 warg zombies (Orc:2)
  2 polar bear zombies
  7 yak zombies
  3 electric eels
  2 wolf zombies
  7 bullfrog zombies
  21 centaur zombies
  A hound (D:11)
  16 human zombies
  3 orc priests
  2 boggart zombies
  6 orc wizards
  4 hell rats
  5 killer bee zombies
  5 ice beast zombies (IceCv)
  33 naga zombies
  4 ogre zombies
  2 hound zombies
  A howler monkey zombie (D:9)
  2 adders
  3 gnolls
  3 river rats (Lair:3)
  2 gnoll zombies (D:8)
  40 orc zombies
  A dart slug (D:13)
  9 orcs
  A goblin (D:15)
  A hobgoblin (D:12)
  A jackal (D:14)
  A quokka (D:12)
  A dart slug zombie (D:13)
  A frilled lizard (D:13)
  A frilled lizard zombie (D:13)
  A goblin zombie (D:15)
  A hobgoblin zombie (D:12)
  A jackal zombie (D:14)
  A kobold (D:12)
  A kobold zombie (D:12)
  A quokka zombie (D:12)
  A rat (D:11)
  2 rat zombies (D:10)
  67 fungi
  166 plants
  13 tentacles (Shoals:4)
1207 creatures vanquished.

Grand Total: 2361 creatures vanquished

Notes
Turn   | Place    | Note
-------+----------+-------------------------------------------
     0 | D:1      | tilp the Mummy Necromancer began the quest for the Orb.
     0 | D:1      | Reached XP level 1. HP: 13/13 MP: 4/4
   360 | D:1      | Reached XP level 2. HP: 13/20 MP: 5/5
   509 | D:1      | Reached skill level 1 in Fighting
   854 | D:1      | Found a faded altar of an unknown god.
  1256 | D:1      | Gained mutation: You are in touch with the powers of death.
                  | [Mummy growth]
  1256 | D:1      | Reached XP level 3. HP: 27/27 MP: 4/7
  1499 | D:1      | Learned a level 3 spell: Vampiric Draining
  2429 | D:3      | Reached XP level 4. HP: 33/33 MP: 3/8
  2437 | D:3      | Noticed a sky beast
  2708 | D:3      | Found Kuyraef's Weapon Shop.
  2915 | D:3      | Noticed Robin
  2923 | D:3      | Reached skill level 1 in Throwing
  2939 | D:3      | Killed Robin
  3333 | D:3      | Noticed Natasha
  3346 | D:3      | Killed Natasha
  3347 | D:3      | Reached XP level 5. HP: 38/39 MP: 6/9
  3458 | D:3      | Noticed Grinder
  3567 | D:3      | Found Dunoabun's Magic Scroll Shoppe.
  3577 | D:3      | Bought a scroll of identify for 20 gold pieces
  3577 | D:3      | Bought a scroll of magic mapping for 35 gold pieces
  4156 | D:4      | Reached skill level 5 in Necromancy
  4540 | D:4      | Reached XP level 6. HP: 47/47 MP: 5/10
  4659 | D:4      | Found Aplat's Antique Weapon Shop.
  4793 | D:4      | Learned a level 4 spell: Animate Dead
  4885 | D:4      | Reached skill level 6 in Necromancy
  4917 | D:4      | Found a staircase to the Ecumenical Temple.
  4935 | Temple   | Entered the Ecumenical Temple
  5175 | Temple   | Became a worshipper of Kikubaaqudgha
  5250 | D:5      | Entered Level 5 of the Dungeon
  5331 | D:5      | Noticed an ice beast
  5341 | D:5      | Killed an ice beast
  5342 | D:5      | Reached XP level 7. HP: 54/54 MP: 5/11
  5516 | D:5      | Noticed Sigmund
  5533 | D:5      | Killed Sigmund
  5534 | D:5      | Reached skill level 1 in Evocations
  6183 | D:5      | Identified the +3 rapier of Sykker {vorpal, rN+ Int+3}
  6653 | D:5      | Found a sacrificial altar of Ru.
  7024 | D:6      | Reached XP level 8. HP: 54/61 MP: 14/14
  7163 | D:6      | Reached skill level 7 in Necromancy
  7693 | D:6      | Found Powity's Distillery.
  7787 | D:6      | Identified a scroll of acquirement
  7788 | D:6      | Acquired a staff of death
  7795 | D:7      | Noticed Joseph
  7968 | D:7      | Noticed Dowan
  8135 | D:7      | Got the Papyrus of Flamy Lightness
  8138 | D:7      | Found a transporter.
  8143 | D:7      | Found a transporter.
  8143 | D:7      | Noticed Stick's ghost (amateur GnWn)
  8332 | D:7      | Reached skill level 5 in Fighting
  8332 | D:7      | Reached skill level 1 in Staves
  8727 | D:7      | Reached skill level 5 in Spellcasting
  8727 | D:7      | Reached skill level 8 in Necromancy
  9058 | D:7      | Reached XP level 9. HP: 47/68 MP: 10/16
  9068 | D:7      | Learned a level 5 spell: Agony
  9284 | D:7      | Found a broken altar of Ashenzari.
  9334 | D:7      | Reached * piety under Kikubaaqudgha
  9334 | D:7      | Received a gift from Kikubaaqudgha
  9347 | D:7      | Killed Joseph
  9679 | D:7      | Noticed Menkaure
  9865 | D:7      | Your ally Joseph died
  9869 | D:7      | Killed Menkaure
  9928 | D:7      | Noticed Duvessa
  9941 | D:7      | Killed Duvessa
  9944 | D:7      | Killed Dowan
 10384 | D:8      | Found a sand-covered staircase.
 10590 | Ossuary  | Entered an ossuary
 10772 | Ossuary  | Reached ** piety under Kikubaaqudgha
 11509 | D:8      | Reached XP level 10. HP: 47/76 MP: 3/17
 12025 | D:8      | Reached *** piety under Kikubaaqudgha
 12025 | D:8      | Received a gift from Kikubaaqudgha
 12203 | D:8      | Found Vuifa's Distillery.
 12635 | D:3      | Bought a scroll of enchant weapon for 75 gold pieces
 12635 | D:3      | Bought a scroll of teleportation for 30 gold pieces
 12635 | D:3      | Bought a scroll of magic mapping for 35 gold pieces
 12635 | D:3      | Bought a scroll of poison for 35 gold pieces
 12635 | D:3      | Bought a scroll of vulnerability for 75 gold pieces
 12635 | D:3      | Bought a scroll of enchant weapon for 75 gold pieces
 12696 | D:3      | Killed Grinder
 12829 | D:3      | Noticed Natasha
 12841 | D:3      | Killed Natasha
 13072 | D:3      | Found Kuyraef's Weapon Shop.
 13201 | D:3      | Noticed Natasha
 13212 | D:3      | Killed Natasha
 13521 | D:9      | Learned a level 4 spell: Anguish
 13782 | D:9      | Found a radiant altar of Vehumet.
 13943 | D:9      | Noticed Prince Ribbit
 13956 | D:9      | Found a staircase to the Orcish Mines.
 14365 | D:9      | Reached skill level 1 in Hexes
 14443 | D:9      | Killed Prince Ribbit
 14444 | D:9      | Reached skill level 5 in Evocations
 14478 | D:9      | Reached skill level 5 in Staves
 14647 | D:9      | Noticed Maggie
 14657 | D:9      | Killed Maggie
 15090 | D:9      | Found a staircase to the Lair.
 15137 | D:10     | Entered Level 10 of the Dungeon
 15176 | D:10     | Reached skill level 9 in Necromancy
 15446 | D:10     | Learned a level 2 spell: Blink
 15529 | D:10     | Noticed a two-headed ogre
 15542 | D:10     | Reached XP level 11. HP: 24/84 MP: 5/19
 15549 | D:10     | Killed a two-headed ogre
 16102 | D:10     | Noticed Gastronok
 16111 | D:10     | Killed Gastronok
 16112 | D:10     | Reached skill level 1 in Translocations
 16756 | D:11     | Noticed a two-headed ogre
 16766 | D:11     | Killed a two-headed ogre
 17074 | D:11     | Noticed a two-headed ogre
 17076 | D:11     | Noticed a two-headed ogre
 17081 | D:11     | Killed a two-headed ogre
 17083 | D:11     | Killed a two-headed ogre
 17380 | D:11     | Reached **** piety under Kikubaaqudgha
 17600 | D:11     | Noticed a boulder beetle
 17608 | D:11     | Killed a boulder beetle
 17964 | D:11     | Learned a level 4 spell: Corpse Rot
 18124 | D:7      | Killed Stick's ghost
 18277 | D:4      | Bought an ebony dagger for 224 gold pieces
 18277 | D:4      | Identified the +7 dagger of Vimnykk {drain, rF- rN++ Dex+2
                  | SInv} (You bought it in a shop on level 4 of the Dungeon)
 18391 | Lair:1   | Entered Level 1 of the Lair of Beasts
 18402 | Lair:1   | Reached skill level 1 in Poison Magic
 18406 | Lair:1   | Reached skill level 1 in Air Magic
 18498 | Lair:1   | Found a transporter.
 18502 | Lair:1   | Noticed a spriggan rider
 18593 | Lair:1   | Noticed a sun demon
 18599 | Lair:1   | Noticed a rakshasa
 18630 | Lair:1   | Noticed a red ugly thing
 18661 | Lair:1   | Reached XP level 12. HP: 71/92 MP: 22/22
 18666 | Lair:1   | Reached skill level 10 in Necromancy
 19105 | Lair:1   | Noticed a four-headed hydra
 19111 | Lair:1   | Killed a four-headed hydra
 19161 | Lair:1   | Noticed a death yak
 19164 | Lair:1   | Noticed a seven-headed hydra
 19168 | Lair:1   | Killed a seven-headed hydra
 19170 | Lair:1   | Reached skill level 11 in Necromancy
 19194 | Lair:1   | Killed a death yak
 19517 | Lair:1   | Found a transporter.
 19519 | Lair:1   | Found a one-way gate to the infinite horrors of the Abyss.
 19602 | Lair:1   | Noticed MirrMurr's ghost (journeyman OgBe)
 19836 | Lair:2   | Found a staircase to the Snake Pit.
 19892 | Lair:2   | Noticed Urug
 19899 | Lair:2   | Killed Urug
 20145 | Lair:2   | Noticed a six-headed hydra
 20152 | Lair:2   | Killed a six-headed hydra
 20157 | Lair:2   | Reached skill level 12 in Necromancy
 20226 | Lair:2   | Got the Grimoire of Dislocation and Conjuration
 20289 | Lair:2   | Reached skill level 5 in Hexes
 21163 | Lair:3   | Noticed a catoblepas
 21180 | Lair:3   | Killed a catoblepas
 21181 | Lair:3   | Gained mutation: You are strongly in touch with the powers
                  | of death. [Mummy growth]
 21181 | Lair:3   | Reached XP level 13. HP: 86/98 MP: 8/25
 21665 | Lair:3   | You fall into a shaft and drop 2 floors!
 23252 | Lair:4   | Reached skill level 5 in Dodging
 23266 | Lair:4   | Noticed Rupert
 23280 | Lair:4   | Killed Rupert
 23281 | Lair:4   | Reached skill level 13 in Necromancy
 23286 | Lair:4   | Found a staircase to the Shoals.
 23858 | Lair:4   | Learned a level 6 spell: Death Channel
 24090 | Lair:5   | Noticed Kirke
 24103 | Lair:5   | Killed Kirke
 25188 | Lair:6   | Entered Level 6 of the Lair of Beasts
 25387 | Lair:6   | Reached XP level 14. HP: 108/108 MP: 18/27
 25426 | Lair:6   | Reached skill level 1 in Shields
 25665 | Lair:6   | Found a staircase to the Slime Pits.
 25666 | Lair:6   | Found a viscous altar of Jiyva.
 25674 | Lair:6   | Reached ***** piety under Kikubaaqudgha
 25676 | Lair:6   | HP: 4/108 [five-headed hydra (6)]
 26172 | Lair:6   | Found a shadowy altar of Dithmenos.
 26275 | Lair:6   | Reached skill level 14 in Necromancy
 27577 | Orc:1    | Entered Level 1 of the Orcish Mines
 28263 | Orc:2    | Entered Level 2 of the Orcish Mines
 28290 | Orc:2    | Found Onun's Armour Shop.
 28426 | Orc:2    | Reached skill level 10 in Fighting
 28441 | Orc:2    | Reached skill level 15 in Necromancy
 29135 | Orc:2    | Reached skill level 1 in Armour
 29430 | Orc:2    | Noticed Snorg
 29437 | Orc:2    | Killed Snorg
 29438 | Orc:2    | Reached XP level 15. HP: 84/115 MP: 15/28
 29491 | Orc:2    | Reached ****** piety under Kikubaaqudgha
 29808 | Orc:2    | Found a staircase to the Elven Halls.
 30059 | Orc:2    | Found Leomp's Assorted Antiques.
 30059 | Orc:2    | Found Irean's Weapon Shop.
 30060 | Orc:2    | Found Hiecweb's General Store.
 30060 | Orc:2    | Found Hudo's Jewellery Emporium.
 30135 | Orc:2    | Bought a wand of paralysis (6) for 136 gold pieces
 30136 | Orc:2    | Bought a glowing helmet for 187 gold pieces
 30261 | D:12     | Found a runed translucent door.
 30778 | D:12     | Noticed Fannar
 30812 | D:12     | Killed Fannar
 31024 | D:12     | Found a runed translucent door.
 31037 | D:12     | Found a runed translucent door.
 31050 | D:12     | Found a runed translucent door.
 31701 | D:13     | Found a gate to the Vaults.
 32595 | D:13     | Reached skill level 10 in Spellcasting
 32976 | D:14     | Found a shadowy altar of Dithmenos.
 33123 | D:14     | Reached skill level 16 in Necromancy
 34121 | D:14     | Learned a level 5 spell: Borgnjor's Vile Clutch
 34138 | D:15     | Entered Level 15 of the Dungeon
 34343 | D:15     | Found a staircase to the Depths.
 34376 | D:15     | Reached skill level 1 in Earth Magic
 34908 | D:15     | Found a shimmering blue altar of Sif Muna.
 35527 | Snake:1  | Entered Level 1 of the Snake Pit
 35537 | Snake:1  | Reached XP level 16. HP: 64/125 MP: 5/30
 36904 | Snake:1  | Reached skill level 17 in Necromancy
 37995 | Snake:2  | Found Gyoraps's Assorted Antiques.
 38023 | Snake:2  | Found a frozen archway.
 38030 | Snake:2  | Found Reah Upah's Antique Weapon Shop.
 38043 | IceCv    | Entered an ice cave
 40216 | IceCv    | Reached skill level 18 in Necromancy
 41630 | Snake:2  | Found Judytij's Distillery.
 41652 | Snake:2  | Reached XP level 17. HP: 127/133 MP: 19/32
 41717 | Snake:2  | Found Cunadghese's Magic Scroll Emporium.
 42727 | Snake:2  | Upgraded the game from 0.29-a0-555-g3b24f45cc1 to
                  | 0.29-a0-557-g43b9904bd1
 42793 | Snake:3  | Reached skill level 5 in Earth Magic
 43271 | Snake:3  | Noticed Saint Roka
 43288 | Snake:3  | Killed Saint Roka
 43905 | Snake:4  | Entered Level 4 of the Snake Pit
 43905 | Snake:4  | Identified Roxanne's Compendium of the Rocks
 43905 | Snake:4  | Noticed Roxanne
 43946 | Snake:4  | Reached skill level 19 in Necromancy
 45058 | Snake:4  | Reached XP level 18. HP: 119/143 MP: 13/34
 45424 | Snake:4  | Got a serpentine rune of Zot
 45475 | Snake:4  | Learned a level 6 spell: Simulacrum
 45694 | Shoals:1 | Entered Level 1 of the Shoals
 45926 | Shoals:1 | Found Ryhuileol's Assorted Antiques.
 46134 | Shoals:1 | Bought an encrusted dagger for 168 gold pieces
 46134 | Shoals:1 | Identified the +3 dagger "Fioghiesho" {vorpal, rC+ Str+4
                  | Int+4} (You bought it in a shop on level 1 of the Shoals)
 46141 | Shoals:1 | Found Qood's Armour Shoppe.
 46164 | Shoals:1 | Found Seonubih's Book Shoppe.
 46247 | Shoals:1 | Reached skill level 1 in Ice Magic
 46554 | Shoals:1 | Found Uluabrez's Weapon Shop.
 46885 | Shoals:2 | Noticed Ilsuiw
 46902 | Shoals:2 | Killed Ilsuiw
 47753 | Shoals:2 | Reached skill level 10 in Hexes
 48419 | Shoals:2 | Found a runed translucent door.
 48419 | Shoals:2 | Found a shimmering altar of Xom.
 48419 | Shoals:2 | Noticed Megustar's ghost (adept DEFE)
 48420 | Shoals:2 | Identified the +7 quick blade "Omonerph" {chaos, Str+4
                  | Dex+2}
 48490 | Shoals:3 | Found Zuefeas's Book Emporium.
 48507 | Shoals:3 | Reached skill level 20 in Necromancy
 49103 | Shoals:4 | Entered Level 4 of the Shoals
 49336 | Shoals:4 | Reached skill level 5 in Armour
 49621 | Shoals:4 | Got a barnacled rune of Zot
 50591 | Shoals:4 | Reached XP level 19. HP: 92/152 MP: 24/36
 50884 | Shoals:4 | Identified the ring of Xege {Ice Int+5}
 51796 | Shoals:1 | Bought a dented garnet amulet for 120 gold pieces
 51953 | Orc:2    | Bought a ring of protection from fire for 375 gold pieces
 52265 | Vaults:1 | Entered Level 1 of the Vaults
 52469 | Vaults:1 | Reached skill level 15 in Fighting
 52610 | Vaults:1 | Found a huge runed gate.
 52610 | Vaults:1 | Found a huge runed gate.
 52610 | Vaults:1 | Found a huge runed gate.
 52610 | Vaults:1 | Found a huge runed gate.
 52610 | Vaults:1 | Found a huge runed gate.
 52610 | Vaults:1 | Found a huge runed gate.
 52610 | Vaults:1 | Found a huge runed gate.
 52611 | Vaults:1 | Found a huge runed gate.
 52611 | Vaults:1 | Found a huge runed gate.
 52611 | Vaults:1 | Found a huge runed gate.
 52616 | Vaults:1 | Found a huge runed gate.
 52616 | Vaults:1 | Found a huge runed gate.
 52616 | Vaults:1 | Found a huge runed gate.
 52616 | Vaults:1 | Found a huge runed gate.
 52616 | Vaults:1 | Found a huge runed gate.
 52616 | Vaults:1 | Found a huge runed gate.
 52617 | Vaults:1 | Found a huge runed gate.
 52637 | Vaults:1 | Found a huge runed gate.
 52638 | Vaults:1 | Found a huge runed gate.
 52646 | Vaults:1 | Found a huge runed gate.
 52646 | Vaults:1 | Found a huge runed gate.
 52646 | Vaults:1 | Found a huge runed gate.
 52646 | Vaults:1 | Found a huge runed gate.
 52646 | Vaults:1 | Found a huge runed gate.
 52646 | Vaults:1 | Found a huge runed gate.
 52647 | Vaults:1 | Found a huge runed gate.
 52648 | Vaults:1 | Found a huge runed gate.
 52649 | Vaults:1 | Found a huge runed gate.
 52657 | Vaults:1 | Found a huge runed gate.
 52657 | Vaults:1 | Found a huge runed gate.
 52657 | Vaults:1 | Found a huge runed gate.
 52657 | Vaults:1 | Found a huge runed gate.
 52657 | Vaults:1 | Found a huge runed gate.
 52657 | Vaults:1 | Found a huge runed gate.
 52658 | Vaults:1 | Found a huge runed gate.
 52659 | Vaults:1 | Found a huge runed gate.
 53141 | Vaults:1 | You fall into a shaft and drop 1 floor!
 53804 | Vaults:1 | Reached skill level 5 in Stealth
 54446 | Vaults:2 | Reached skill level 5 in Shields
 54640 | Vaults:2 | Identified the +0 plate armour of Autumn {rF- MP+9 Int+4}
 55577 | Vaults:2 | Reached XP level 20. HP: 75/163 MP: 12/37
 56245 | Vaults:3 | Found a staircase to the Crypt.
 58834 | Vaults:3 | Received a gift from Kikubaaqudgha
 59183 | Vaults:3 | Learned a level 8 spell: Infestation
 59374 | Vaults:4 | Noticed Aizul
 59376 | Vaults:4 | Reached XP level 21. HP: 171/171 MP: 20/39
 59378 | Vaults:4 | Killed Aizul
 60044 | Vaults:4 | HP: 3/171 [vault warden/+2 great sword of holy wrath (22)]
 60044 | Vaults:4 | Mangled by a lindwurm

Illustrated notes

Levels and vault maps discovered:
D:1:      tarquinn_simple_flora_water_d, layout_loops_corners,
          shapermc_ecumenical_altar_gd
D:2:      layout_loops_cross, kennysheep_generic_room_7
D:3:      layout_loops_cross, serial_shops, shop, nicolae_shop_trees,
          minmay_misc_feat_encased, grunt_decor_cap, minmay_fractal_squares_5,
          uniq_robin, uniq_grinder, uniq_natasha
D:4:      layout_gridville, minmay_temple_entry_stoned_glass, serial_shops,
          nicolae_lakefront_shop, st_stairs_14
D:5:      layout_layer_cave, nicolae_ru_path_of_blood, grunt_decor_fettered,
          uniq_sigmund
D:6:      layout_cave_pools, serial_shops, nicolae_shop_crystal,
          nrook_mini_vaults
D:7:      layout_basic, mainiacjoe_overflow_brackets, gammafunk_ghost_hive,
          uniq_joseph, uniq_duvessa, uniq_menkaure
D:8:      layout_basic, nicolae_ossuary_entry_ruins, serial_shops,
          nicolae_lakefront_shop, chequers_jeans
D:9:      layout_cave_pools, chequers_temple_overflow_statue_of_worship,
          lair_entry_dummy, orc_0_dummy, chequers_garden, uniq_prince_ribbit1,
          uniq_maggie
D:10:     layout_irregular_city, serial_bayou_pond_c, uniq_gastronok
D:11:     layout_roguey [special_room_orc]
D:12:     layout_irregular_city, corner_web_ring, minmay_statue_crystal_thing,
          uniq_fannar
D:13:     layout_loops_ring, david_vaults_5
D:14:     layout_loops_ring, grunt_dithmenos_smoke
D:15:     hangedman_depths_entry_civil_slaughter, layout_basic,
          lemuel_coloured_pillars_altar
Temple:   hc_temple_tempest_star
Lair:1:   layout_loops_ring, gammafunk_ghost_abyssal_escape,
          hangedman_lair_generics_rect
Lair:2:   layout_misc_corridors, minmay_snake_entry_six_corridors,
          serial_bayou_shore_a, uniq_urug
Lair:3:   layout_cellular_growth, kennysheep_rathole
Lair:4:   layout_layer_cave, shoals_dummy_entry, uniq_rupert
Lair:5:   layout_long_grid, chequers_serial_rivers_large_a, uniq_kirke
Lair:6:   guppyfry_lair_end_dragon, layout_regular_city, slime_altar_1,
          basic_altar
Shoals:1: layout_shoals, serial_shops, nicolae_shop_bloodbath_and_beyond,
          nicolae_shop_hallway_plus, nicolae_shop_hallway_plus,
          nicolae_diamond_shop
Shoals:2: layout_shoals, ebering_ghost_xom, nicolae_shoals_wave_tunnel,
          uniq_ilsuiw
Shoals:3: layout_shoals, nicolae_stop_n_shop_2
Shoals:4: shoals_end_hangedman, layout_shoals, nicolae_shoals_sun_and_surf
Snake:1:  layout_chambers, nicolae_snake_slithery_corners,
          hangedman_snake_pattern, nicolae_snake_storage_room
Snake:2:  layout_rooms, serial_shops, shop, nicolae_shop_behind_doors, shop,
          portal_ice_cave_entry_ugly_swarm, drop_trap, minmay_shop_star
Snake:3:  layout_cave_town, uniq_saint_roka
Snake:4:  snake_pit, layout_gridlike, nicolae_snake_springs, uniq_roxanne
Orc:1:    layout_caves
Orc:2:    st_orc_ogre_mass, layout_diamond_mine, serial_shops,
          nicolae_shop_stone, uniq_snorg
Vaults:1: hangedman_vaults_slice, hangedman_vaults_slither, v_misc_25,
          grunt_vaults_focal, nicolae_vaults_alarming,
          nicolae_vaults_specimen_jars, vaults_standard_mumra_lines,
          not_door_vault_due, vaults_room_pools, vaults_standard_mumra_x,
          hangedman_vaults_slice, ontoclasm_vaults_ligature, v_misc_16,
          layout_vaults_ring
Vaults:2: hangedman_vaults_slice, nicolae_vaults_inception_scallops, v_rooms_4,
          ontoclasm_vaults_tryst, nicolae_vaults_diagonal_hallway_6,
          dpeg_vaults_monster_box, nicolae_vaults_diagonal_hallway_8, v_misc_29,
          nicolae_vaults_ring_of_whatevers, ontoclasm_vaults_twist, v_misc_24,
          nicolae_vaults_little_squares_1, vaults_room_stairs_pillars,
          grunt_vaults_funnel, serial_ice_m, layout_vaults_omnibox
Vaults:3: nicolae_vaults_little_squares_5, grunt_vaults_hallway_long,
          minmay_crypt_entry_simple_walls, st_greater_box_4,
          nicolae_vaults_little_ls, vaults_room_pools, v_misc_31, v_misc_17,
          ontoclasm_vaults_chip, v_misc_10, layout_vaults_maze
Vaults:4: v_alt_pattern_4, v_alt_pattern_3, vaults_mumra_minichess_inversion,
          nicolae_vaults_network_square, ontoclasm_vaults_fault,
          nicolae_vaults_rhombus_5, nicolae_vaults_little_squares_5,
          nicolae_vaults_minivaults, vaults_room_door_hall,
          ontoclasm_vaults_gateway, vaults_room_pool, v_misc_23,
          vaults_room_pool, nicolae_vaults_shelves_hall,
          grunt_vaults_hallway_long, hangedman_vaults_trim,
          layout_vaults_omnicross, uniq_margery, uniq_aizul, uniq_donald

Skill      XL: |  1  2  3  4  5  6  7  8  9 10 11 12 13 14 15 16 17 18 19 20 |
---------------+-------------------------------------------------------------+-----
Fighting       | 1 2 3 4 5 6 7 8 9 10 11 12 13 14 15 16 | 16.2
Spellcasting   | 3 4 5 7 8 9 10 11 12 13 14 | 14.8
Stealth        | 2 4 5 7 |  7.2
Dodging        | 2 3 4 5 6 7 8 9 |  9.6
Throwing       | 1 2 3 4 |  4.0
Necromancy     | 5 6 8 9 12 13 15 16 18 19 20 | 20.8
Evocations     | 1 2 4 5 6 7 8 9 |  9.6
Staves         | 2 4 5 6 |  6.0
Hexes          | 2 4 5 6 7 8 9 10 | 10.0
Translocations | 3 4 |  4.0
Poison Magic   | 1 2 |  2.0
Air Magic      | 1 2 |  2.0
Shields        | 4 5 6 |  6.0
Armour         | 1 4 5 6 8 |  8.0
Earth Magic    | 1 4 6 7 8 |  8.0
Ice Magic      | 4 |  4.0

Action                   |  1- 3 |  4- 6 |  7- 9 | 10-12 | 13-15 | 16-18 | 19-21 || total
-------------------------+-------+-------+-------+-------+-------+-------+-------++-------
Melee: Unarmed           |    28 |       |       |       |       |       |       ||    28
       Falchion          |     3 |       |       |       |       |       |       ||     3
       Whip              |    33 |    59 |    20 |       |       |       |       ||   112
       Rapier            |       |       |   232 |   222 |       |       |       ||   454
       Staff             |       |       |    45 |    82 |   303 |   214 |   132 ||   776
       Punch             |       |       |     3 |     8 |     3 |       |       ||    14
Throw: Stone             |     9 |     1 |       |       |       |       |       ||    10
       Dart              |       |     1 |     9 |       |       |       |       ||    10
 Cast: Necrotize         |    56 |    90 |    74 |    31 |       |       |       ||   251
       Vampiric Draining |       |     3 |    14 |    24 |    26 |    10 |    51 ||   128
       Agony             |       |       |     8 |    68 |    69 |    30 |     3 ||   178
       Animate Dead      |       |       |     4 |    21 |    22 |    15 |    13 ||    75
       Anguish           |       |       |       |    29 |   133 |   192 |    90 ||   444
       Corpse Rot        |       |       |       |     3 |    18 |    21 |     2 ||    44
       Death Channel     |       |       |       |       |    60 |    60 |    33 ||   153
       Blink             |       |       |       |       |     1 |       |       ||     1
       Borgnjor's Vile C |       |       |       |       |       |    37 |    49 ||    86
       Simulacrum        |       |       |       |       |       |     1 |    17 ||    18
       Infestation       |       |       |       |       |       |       |    10 ||    10
Invok: Unearth Wretches  |       |       |       |    10 |    24 |    26 |    21 ||    81
       Receive Forbidden |       |       |       |       |       |       |     1 ||     1
Evoke: Wand              |       |     3 |     9 |       |     1 |     1 |       ||    14
       Phial of floods   |       |       |       |       |     1 |     1 |       ||     2
       Phantom mirror    |       |       |       |       |       |     1 |       ||     1
  Use: Scroll            |     1 |     3 |     8 |    10 |     2 |     4 |     3 ||    31
 Stab: Sleeping          |     3 |     1 |     6 |     4 |     4 |     1 |       ||    19
       Distracted        |       |       |     1 |     2 |     9 |     6 |     1 ||    19
       Paralysed         |       |       |       |     5 |     6 |     2 |     6 ||    19
       Petrified         |       |       |       |     2 |       |       |       ||     2
Armor: Robe              |    13 |     8 |    13 |       |       |       |       ||    34
       Leather armour    |       |       |    99 |   163 |   114 |   119 |    85 ||   580
Dodge: Dodged            |    29 |    74 |   270 |   385 |   447 |   373 |   255 ||  1833
Block: Buckler           |       |       |       |       |    23 |    91 |    68 ||   182

Table legend: (Time is in decaauts)
 A = Elapsed time spent in this place.
 B = Non-inter-level travel time spent in this place.
 C = Inter-level travel time spent in this place.
 D = Time resting spent in this place.
 E = Time spent auto-exploring this place.
 F = Levels seen in this place.
 G = Mean time per level.
                   A        B        C        D        E       F      G
               +--------+--------+--------+--------+--------+-----+--------+
         Total |  60550 |  56650 |   3900 |  10472 |  35248 |  38 | 1593.4 |
       Dungeon |  23467 |  21653 |   1814 |   3968 |  14039 |  15 | 1564.5 |
        Temple |    249 |    227 |     22 |      0 |    211 |   1 |  249.0 |
          Lair |   9275 |   8534 |    741 |    535 |   6927 |   6 | 1545.8 |
        Shoals |   6454 |   6271 |    183 |    534 |   4680 |   4 | 1613.5 |
     Snake Pit |   7118 |   6656 |    462 |   1335 |   4184 |   4 | 1779.5 |
  Orcish Mines |   2673 |   2503 |    170 |    481 |   1559 |   2 | 1336.5 |
        Vaults |   7774 |   7269 |    505 |   1810 |   2680 |   4 | 1943.5 |
       Ossuary |    541 |    541 |      0 |    160 |     27 |   1 |  541.0 |
      Ice Cave |   2995 |   2995 |      0 |   1649 |    940 |   1 | 2995.0 |
               +--------+--------+--------+--------+--------+-----+--------+

Top non-repeatable levels by time:
   IceCv: 2995 daAuts
Vaults:3: 2835 daAuts
Shoals:4: 2779 daAuts
     D:3: 2586 daAuts
 Snake:1: 2482 daAuts
     D:8: 2445 daAuts
     D:7: 2431 daAuts
  Lair:6: 2290 daAuts
Vaults:2: 2141 daAuts
Vaults:1: 1938 daAuts
 Snake:2: 1768 daAuts
  Lair:4: 1679 daAuts
Shoals:2: 1663 daAuts
   Orc:2: 1577 daAuts
 Snake:3: 1572 daAuts
